 Dungeon Crawl Stone Soup version 0.24.0-1-gfbc8707 (webtiles) character file.

Game seed: 10201515733647416946, levelgen mode: deterministic

6512 porkupine the Basher (level 11, -1/68 HPs)
             Began as a Gargoyle Abyssal Knight on Nov 8, 2019.
             Was a High Priest of Lugonu.
             Slain by an orc warrior
             ... wielding a +0 battleaxe
              (6 damage)
             ... on level 9 of the Dungeon on Nov 9, 2019.
             The game lasted 00:53:11 (10181 turns).

porkupine the Basher (Gargoyle Abyssal Knight)     Turns: 10181, Time: 00:53:12

Health: -1/68      AC: 24    Str: 19    XL:     11   Next: 0%
Magic:  16/16      EV:  6    Int: 13    God:    Lugonu [*****.]
Gold:   372        SH:  7    Dex:  9    Spells: 10/10 levels left

rFire    . . .     SeeInvis .   Z - +2 spear (vamp)
rCold    . . .     Gourm    .   p - +2 buckler {rN+}
rNeg     + + .     Faith    .   l - +0 plate armour
rPois    ∞         Spirit   .   (no helmet)
rElec    +         Reflect  .   S - +0 cloak
rCorr    .         Harm     .   r - +0 pair of gloves
MR       .....                  g - +0 pair of boots
Stlth    ..........             y - amulet of the acrobat
HPRegen  0.21/turn              (no ring)
MPRegen  0.15/turn              (no ring)

@: no status effects
A: negative energy resistance 1, electricity resistance, unbreathing,
petrification resistance, rot immunity, AC +8
a: Depart the Abyss, Bend Space, Banish, Corrupt, Enter the Abyss, Renounce
Religion


You were on level 9 of the Dungeon.
You worshipped Lugonu.
Lugonu was extremely pleased with you.
You were not hungry.

You visited 1 branch of the dungeon, and saw 9 of its levels.
You visited the Abyss 1 time.

You collected 372 gold pieces.

Inventory:

Hand Weapons
 a - a +2 whip of flaming
 b - a +0 hunting sling
 i - a +1 spear
 t - a +1 flail of protection
 v - a +3 dire flail of venom
 U - a +0 spear of venom
 Z - a +2 vampiric spear (weapon)
Missiles
 o - 58 sling bullets
 u - 4 boomerangs (quivered)
 M - 2 throwing nets
 N - 8 boomerangs of dispersal
 Q - 7 javelins
 V - 5 poisoned darts
Armour
 g - a +0 pair of boots (worn)
 l - a +0 plate armour (worn)
 p - a +2 buckler of positive energy (worn)
 r - a +0 pair of gloves (worn)
 S - a +0 cloak (worn)
Jewellery
 y - an amulet of the acrobat (around neck)
 O - a cursed ring of magical power
Wands
 B - a wand of paralysis (3)
 D - a wand of acid (4)
 R - a wand of digging (7)
 W - a wand of random effects (5)
 Y - a wand of polymorph (13)
Scrolls
 k - 5 scrolls of identify
 n - 5 scrolls of teleportation
 w - 2 scrolls of random uselessness {unknown}
 x - 2 scrolls of fear
 z - 2 scrolls of enchant weapon {unknown}
 F - 3 scrolls of remove curse
 G - 2 scrolls of fog {unknown}
 H - a scroll of blinking {unknown}
 I - a scroll of enchant armour {unknown}
 L - a scroll of magic mapping {unknown}
 P - a scroll of summoning {unknown}
 T - 2 scrolls of immolation {unknown}
Potions
 d - a potion of magic {unknown}
 e - 2 potions of ambrosia {unknown}
 f - a potion of cancellation {unknown}
 h - a potion of flight {unknown}
 j - a potion of curing
 m - 2 potions of heal wounds {unknown}
 q - a potion of invisibility {unknown}
 s - a potion of berserk rage {unknown}
 A - a potion of brilliance {unknown}
 C - a potion of mutation {unknown}
 E - a potion of haste {unknown}
 J - 2 potions of might {unknown}
 K - 2 potions of agility {unknown}
Comestibles
 c - 11 rations
 X - 17 chunks of flesh


   Skills:
 + Level 7.7 Fighting
 + Level 10.1 Maces & Flails
 + Level 2.2 Polearms
 + Level 2.1 Slings
 + Level 6.7 Armour
 + Level 1.9 Dodging
 + Level 1.5 Stealth
 + Level 5.9 Shields
 * Level 7.3 Invocations
 + Level 0.4 Evocations


You had 10 spell levels left.
You didn't know any spells.
Your spell library contained the following spells:

 Spells                   Type           Power        Failure   Level  Hunger
 Infusion                 Chrm           #...         100%        1    ##.....
 Summon Small Mammal      Summ           #...         100%        1    ##.....
 Call Imp                 Summ           #.......     100%        2    ###....
 Shroud of Golubria       Chrm/Tloc      #.....       100%        2    ###....
 Song of Slaying          Chrm           #.......     100%        2    ###....
 Call Canine Familiar     Summ           #.......     100%        3    ####...
 Regeneration             Chrm/Necr      #.........   100%        3    ####...
 Spectral Weapon          Hex/Chrm       #.......     100%        3    ####...
 Summon Guardian Golem    Hex/Summ       #.......     100%        3    ####...
 Summon Ice Beast         Ice/Summ       #.......     100%        4    #####..
 Summon Lightning Spire   Summ/Air       #.......     100%        4    #####..


Dungeon Overview and Level Annotations

Branches:
Dungeon (9/15)             Temple (0/1) D:5
   Lair: D:8-11         Orc: D:9-12

Altars:
Ashenzari
Dithmenos
Fedhas
Kikubaaqudgha
Makhleb
Qazlal
Ru
Sif Muna
Trog
Uskayaw
Wu Jian
The Shining One


Innate Abilities, Weirdness & Mutations

You are resistant to torment.
Your stone body is resilient. (AC +8)
You are immune to poison.
You resist negative energy. (rN+)
You are resistant to electric shocks. (rElec)
You can survive without breathing.
You are immune to petrification.
You are immune to rotting.


Message History

The orc warrior's wounds heal themselves!
An orc warrior comes into view. It is wielding a +0 short sword.
The orc priest calls down the wrath of Beogh upon you.
Beogh smites you!
* * * LOW HITPOINT WARNING * * *
The orc priest looks braver for a moment.
You block the orc warrior's attack. Space bends around you!
You blink.
Some of the chunks of flesh in your inventory have rotted away.
You closely miss the orc warrior.
The orc warrior hits you with a +0 battleaxe!
* * * LOW HITPOINT WARNING * * *
Evoke which item? (* to show all) (? for menu, Esc to quit)
Aiming: Corrosive Bolt
Press: ? - help, Shift-Dir - straight line, f - orc warrior
Aim: an orc warrior, wielding a +0 battleaxe and wearing a +0 chain mail The bolt of acid hits the orc warrior!
The orc warrior is splashed with acid!
The orc warrior is severely wounded.
The orc warrior hits you with a +0 battleaxe.
You die...

o......# .#####.#
.# #.# .#####.#
.##.##.###########
.#...........o...#
.............###.#
.......#####.# #o#
......######.# #@#
..........##.# #.#
###>#####.##.# #.#
#.# #.##.# #.# #
#.# #.##.# #.# #
#.# #>##.# #.# #
#.# #.# #.# # #.#
#.# #.######### #
#.# #.#
#.........#


You could see an orc warrior.

Vanquished Creatures
  A two-headed ogre (D:8)
  Pikel (D:5)
  5 yaks
  Edmund (D:4)
  2 steam dragons (D:7)
  A water moccasin (D:5)
  A hornet zombie (D:9)
  2 orc warriors
  An ice beast (D:7)
  2 sky beasts
  7 ogres
  A slave (D:5)
  A centaur (D:9)
  A phantom (D:9)
  2 big kobolds
  6 bullfrogs
  A gnoll sergeant (D:9)
  7 scorpions
  A wyvern skeleton (D:8)
  4 wights
  6 howler monkeys
  2 crimson imps
  A quasit (D:5)
  2 jellies
  5 hounds
  6 orc priests
  8 orc wizards
  7 worker ants
  5 iguanas
  Natasha (thrice) (D:3)
  Terence (D:2)
  A killer bee zombie (D:5)
  A hound zombie (D:5)
  A hound skeleton (D:6)
  Robin (D:2)
  9 gnolls
  14 adders
  3 river rats (D:3)
  A shadow imp (D:5)
  An ooze (D:2)
  An adder zombie (D:8)
  2 adder skeletons
  8 worms
  3 dart slugs
  6 leopard geckos
  21 orcs
  6 bats
  3 giant cockroaches
  13 goblins
  14 hobgoblins
  7 jackals
  4 quokkas
  A ball python (D:1)
  5 frilled lizards
  17 kobolds
  10 rats
  A fungus (D:7)
248 creatures vanquished.

Vanquished Creatures (others)
  3 orc wizards
  An adder (D:5)
  A fungus (D:7)
5 creatures vanquished.

Grand Total: 253 creatures vanquished

Notes
Turn   | Place    | Note
-------+----------+-------------------------------------------
     0 | Abyss:1  | porkupine the Gargoyle Abyssal Knight began the quest for
                  | the Orb.
     0 | Abyss:1  | Reached XP level 1. HP: 14/14 MP: 2/2
    11 | D:1      | Escaped the Abyss
   295 | D:1      | Reached XP level 2. HP: 18/19 MP: 3/3
   873 | D:1      | Reached XP level 3. HP: 24/24 MP: 4/4
  1312 | D:2      | Reached ** piety under Lugonu
  1387 | D:2      | Reached skill level 1 in Maces & Flails
  1426 | D:2      | Noticed Robin
  1451 | D:2      | Killed Robin
  1451 | D:2      | Reached XP level 4. HP: 23/29 MP: 5/5
  1647 | D:2      | Reached skill level 2 in Maces & Flails
  1666 | D:2      | Noticed Terence
  1716 | D:2      | Reached skill level 1 in Slings
  1734 | D:2      | Killed Terence
  1734 | D:2      | Reached XP level 5. HP: 28/33 MP: 6/6
  2402 | D:3      | Reached *** piety under Lugonu
  2453 | D:3      | Reached skill level 3 in Maces & Flails
  2524 | D:3      | Noticed Natasha
  2537 | D:3      | Killed Natasha
  2537 | D:3      | Reached XP level 6. HP: 34/39 MP: 7/7
  2571 | D:3      | Found a shimmering blue altar of Sif Muna.
  2894 | D:3      | Found a glowing golden altar of the Shining One.
  2951 | D:3      | Noticed Natasha
  2962 | D:3      | Killed Natasha
  3096 | D:3      | Reached skill level 1 in Shields
  3290 | D:4      | Reached skill level 4 in Maces & Flails
  3325 | D:4      | Reached **** piety under Lugonu
  3471 | D:4      | Reached XP level 7. HP: 43/44 MP: 8/8
  3475 | D:4      | Found an ancient bone altar of Kikubaaqudgha.
  3547 | D:4      | Reached skill level 1 in Dodging
  3858 | D:4      | Noticed Edmund
  3879 | D:4      | Killed Edmund
  3879 | D:4      | Reached skill level 5 in Maces & Flails
  4364 | D:5      | Entered Level 5 of the Dungeon
  4490 | D:3      | Noticed Natasha
  4505 | D:3      | Killed Natasha
  4950 | D:5      | Reached skill level 5 in Fighting
  4950 | D:5      | Reached skill level 6 in Maces & Flails
  4950 | D:5      | Reached XP level 8. HP: 39/49 MP: 9/9
  5028 | D:5      | Noticed Pikel
  5052 | D:5      | Killed Pikel
  5223 | D:5      | Found a staircase to the Ecumenical Temple.
  5533 | D:5      | Found a shadowy altar of Dithmenos.
  5548 | D:5      | Reached skill level 7 in Maces & Flails
  5654 | D:5      | Reached skill level 5 in Armour
  5714 | D:5      | Found a shattered altar of Ashenzari.
  5714 | D:5      | Found a sacrificial altar of Ru.
  5716 | D:5      | Found an ornate altar of the Wu Jian Council.
  5782 | D:5      | Reached skill level 1 in Stealth
  5945 | D:5      | Reached XP level 9. HP: 47/54 MP: 11/11
  6037 | D:5      | You fall into a shaft and drop 1 floor!
  6304 | D:5      | Found a burning altar of Makhleb.
  6763 | D:6      | Found a hide-covered altar of Uskayaw.
  6885 | D:6      | Reached ***** piety under Lugonu
  7090 | D:6      | Reached skill level 5 in Invocations
  7286 | D:7      | Found a blossoming altar of Fedhas.
  7328 | D:7      | Reached skill level 8 in Maces & Flails
  8117 | D:7      | Reached XP level 10. HP: 54/61 MP: 14/14
  8267 | D:8      | Noticed a two-headed ogre
  8307 | D:8      | Killed a two-headed ogre
  8307 | D:8      | Reached skill level 9 in Maces & Flails
  8629 | D:8      | Reached skill level 5 in Shields
  8863 | D:8      | Found a stormy altar of Qazlal.
  9009 | D:8      | Noticed a moth of wrath
  9011 | D:8      | Found a bloodstained altar of Trog.
  9900 | D:9      | Reached skill level 10 in Maces & Flails
 10132 | D:9      | Reached XP level 11. HP: 68/68 MP: 16/16
 10181 | D:9      | Slain by an orc warrior

Levels and vault maps discovered:
D:1:      dpeg_arrival_brainrot, layout_basic
D:2:      layout_basic, grunt_ministairs_9, minmay_pentomino_s4, uniq_terence,
          uniq_robin
D:3:      layout_loops_ring, tso_oasis_becter, gup_sewer_entry_bubbles,
          led_sif_book, uniq_natasha
D:4:      layout_cave_pods, lemuel_coloured_pillars_altar, first_ration,
          uniq_edmund
D:5:      layout_basic, nicolae_dithmenos_shadow_blocks,
          nicolae_overflow_quartered_altars, temple_fountains, uniq_pikel
D:6:      layout_loops_cross, kennysheep_little_box, minmay_unpleasant_kobolds
D:7:      kennysheep_steamy, layout_cave_pools, fedhas_altar_2
D:8:      layout_rooms, tgw_trog, grunt_qazlal_clouds
D:9:      layout_loops_ring, amethyst_overflow_temple_binary, david_orc_4

Skill      XL: |  1  2  3  4  5  6  7  8  9 10 |
---------------+-------------------------------+-----
Polearms       | 2 |  2.2
Fighting       | 4 5 6 7 |  7.7
Maces & Flails | 1 2 3 4 6 7 8 10 | 10.1
Slings         | 1 2 |  2.1
Armour         | 3 4 5 6 |  6.7
Shields        | 1 2 3 4 5 |  5.9
Dodging        | 1 |  1.9
Invocations    | 3 5 7 |  7.3
Stealth        | 1 |  1.5
Evocations     | |  0.4

Action                   |  1- 3 |  4- 6 |  7- 9 | 10-12 || total
-------------------------+-------+-------+-------+-------++-------
Melee: Spear             |    40 |    20 |       |    46 ||   106
       Whip              |    74 |   174 |       |       ||   248
       Flail             |       |   141 |   557 |   390 ||  1088
       Dire flail        |       |       |    44 |       ||    44
       Great mace        |       |       |       |    11 ||    11
 Fire: Hunting sling     |     8 |    36 |       |       ||    44
Invok: Bend Space        |       |       |     1 |     1 ||     2
Evoke: Wand              |       |       |     3 |     7 ||    10
  Use: Scroll            |     2 |     2 |     4 |       ||     8
 Stab: Paralysed         |       |       |     4 |       ||     4
  Eat: Chunk             |     2 |     7 |    12 |     8 ||    29
       Ration            |       |       |     1 |       ||     1
Armor: Leather armour    |    31 |       |       |       ||    31
       Plate armour      |    41 |   290 |   523 |   298 ||  1152
Dodge: Dodged            |    40 |    68 |   195 |   109 ||   412
Block: Buckler           |       |    79 |   161 |   117 ||   357
